 Dungeon Crawl Stone Soup version 0.27.1-3-gb3d3a73c9e (webtiles) character file.

Game seed: 2548974632781867501

162 cdecastro the Gusty (level 5, -2/28 HPs)
             Began as a Deep Elf Air Elementalist on Oct 14, 2021.
             Killed themself with a bounced zap (6 damage)
             ... on level 3 of the Dungeon.
             The game lasted 00:05:15 (2983 turns).

cdecastro the Gusty (Deep Elf Air Elementalist)     Turns: 2983, Time: 00:05:16

Health: -2/28      AC:  2    Str:  5    XL:     5   Next: 19%
Magic:  5/11       EV: 12    Int: 21    God:
Gold:   125        SH:  0    Dex: 15    Spells: 9/10 levels left

rFire    . . .     SeeInvis .   c - +0 dagger
rCold    . . .     Faith    .   (no shield)
rNeg     . . .     Spirit   .   a - +0 robe
rPois    .         Reflect  .   (no helmet)
rElec    .         Harm     .   (no cloak)
rCorr    .         Rampage  .   (no gloves)
Will     .....                  (no boots)
Stlth    ++........             (no amulet)
HPRegen  0.09/turn              (no ring)
MPRegen  0.12/turn              (no ring)

@: no status effects
A: no striking features
a: no special abilities


You were on level 3 of the Dungeon.
You visited 1 branch of the dungeon, and saw 3 of its levels.

You collected 125 gold pieces.

Inventory:

Hand Weapons
 c - a +0 dagger (weapon)
Missiles
 b - 103 stones
 h - 13 arrows
 m - 6 sling bullets
 s - 19 bolts
Armour
 a - a +0 robe (worn)
 o - a +0 leather armour
Jewellery
 g - a ring of resist corrosion
Scrolls
 d - a scroll of enchant weapon {unknown}
 j - a scroll of identify {unknown}
 k - a scroll of teleportation {unknown}
 n - a scroll of magic mapping {unknown}
 q - a scroll of fog {unknown}
 r - a scroll of vulnerability {unknown}
Potions
 e - a potion of curing {unknown}
 f - a potion of brilliance {unknown}
 i - a potion of haste {unknown}
 l - a potion of lignification {unknown}
 p - a potion of heal wounds {unknown}
 t - a potion of resistance {unknown}
 u - a potion of magic {unknown}


   Skills:
 - Level 2.4 Dodging
 - Level 2.4 Stealth
 - Level 3.0 Spellcasting
 - Level 1.1 Conjurations
 + Level 6.0 Air Magic


You had 9 spell levels left.
You knew the following spells:

 Your Spells              Type           Power      Damage    Failure   Level
a - Shock                 Conj/Air       72%        1d7       3%          1

Your spell library contained the following spells:

 Spells                   Type           Power      Damage    Failure   Level
 Swiftness                Air            28%        N/A       3%          3
 Static Discharge         Conj/Air       18%        N/A       4%          2
 Airstrike                Air            14%        N/A       11%         4


Dungeon Overview and Level Annotations

Branches:
Dungeon (3/15)

Altars:
Zin


Message History

Your Air Magic skill increases to level 6!
u - a glowing purple potion
Things that are here:
a +0 hand axe; a +2 scale mail of fire resistance; the human corpse of Terence Magic restored.
Found 5 poisoned darts.
Found a stone staircase leading down.
A wyvern zombie is nearby!
The zap hits the wyvern zombie.
The wyvern zombie is lightly damaged.
The zap hits the wyvern zombie.
The wyvern zombie is lightly damaged.
You miscast Shock.
You are very lightly contaminated with residual magic.
Nothing appears to happen.
The zap hits the wyvern zombie.
The wyvern zombie is moderately damaged.
The zap hits the wyvern zombie.
The wyvern zombie is moderately damaged.
The wyvern zombie closely misses you.
The zap hits the wyvern zombie.
The wyvern zombie is heavily damaged.
The wyvern zombie bites you! The wyvern zombie bites you!
* * * LOW HITPOINT WARNING * * *
Your magical contamination has completely faded away.
The wyvern zombie bites you.
* * * LOW HITPOINT WARNING * * *
You are too injured to fight recklessly!
Casting: Shock (safe; 3% risk of failure)
Confirm with . or Enter, or press ? or * to list all spells.
Aiming: Shock (safe; 3% risk of failure)
Press: ? - help, Shift-Dir - straight line, f/p - wyvern zombie
Aim: a wyvern zombie (heavily damaged, 90% to hit)
That beam is likely to hit you.
Continue anyway?
The zap hits the wyvern zombie.
The wyvern zombie is heavily damaged.
The zap hits the wyvern zombie.
The wyvern zombie is heavily damaged.
The zap hits you.
You die...

#.# ... #(# #.# # #.
#######.>...# #.
##..........#.#.#
#.##...............# #
#.....########.#.#.#
#######................#
............##..Z....###
######..........@..###
######......########
...........##
#######.#.## #.### #####
#.# ....# #.# ###.# #.#
#.###.#


You could see a wyvern zombie.

Vanquished Creatures
  A hound (D:3)
  Terence (D:3)
  3 adders (D:2)
  4 worms
  3 dart slugs
  9 bats
  2 endoplasms (D:2)
  5 giant cockroaches
  6 goblins
  4 hobgoblins
  4 jackals (D:1)
  2 quokkas
  6 ball pythons
  5 kobolds
  6 rats
61 creatures vanquished.

Notes
Turn   | Place    | Note
-------+----------+-------------------------------------------
     0 | D:1      | cdecastro the Deep Elf Air Elementalist began the quest for
                  | the Orb.
     0 | D:1      | Reached XP level 1. HP: 10/10 MP: 6/6
   124 | D:1      | Reached XP level 2. HP: 5/15 MP: 4/8
   527 | D:1      | Found a faded altar of an unknown god.
   613 | D:1      | Reached skill level 4 in Air Magic
   855 | D:1      | Reached XP level 3. HP: 19/19 MP: 3/9
  1450 | D:2      | Found a glowing silver altar of Zin.
  1606 | D:2      | Reached XP level 4. HP: 24/24 MP: 8/10
  1770 | D:2      | Reached skill level 5 in Air Magic
  2738 | D:3      | Noticed Terence
  2778 | D:3      | Reached XP level 5. HP: 23/28 MP: 5/11
  2852 | D:3      | Killed Terence
  2853 | D:3      | Reached skill level 6 in Air Magic
  2983 | D:3      | Killed themself with a bounced zap

Illustrated notes

Levels and vault maps discovered:
D:1:      scummos_arrival_gate, layout_rooms, ebering_ecumenical_altar_petrified
D:2:      layout_basic, basic_altar
D:3:      layout_loops_ring, uniq_terence, uniq_robin

Skill      XL: |  1  2  3  4  5 |
---------------+----------------+-----
Air Magic      | 4 5 6 |  6.0
Dodging        | |  2.4
Stealth        | |  2.4
Spellcasting   | |  3.0
Conjurations   | |  1.1

Action                   |  1- 3 |  4- 6 || total
-------------------------+-------+-------++-------
Melee: Unarmed           |     6 |       ||     6
       Dagger            |    18 |     1 ||    19
 Cast: Shock             |    76 |    62 ||   138
 Stab: Distracted        |     1 |       ||     1
Armor: Robe              |    11 |     2 ||    13
Dodge: Dodged            |    32 |     8 ||    40
